 Dungeon Crawl Stone Soup version 0.30-a0-845-g7c6808c8ce (webtiles) character file.

Game seed: 11523783392628637506

118 jimonade the Grasshopper (level 5, -2/53 HPs)
             Began as an Ogre Warper on Mar 3, 2023.
             Slain by an orc wizard
             ... wielding a +0 dagger
              (4 damage)
             ... on level 2 of the Dungeon.
             The game lasted 00:05:40 (2727 turns).

jimonade the Grasshopper (Ogre Warper)              Turns: 2727, Time: 00:05:41

Health: -2/53      AC:  3    Str: 15    XL:     5   Next: 2%
Magic:  8/8        EV: 10    Int: 14    God:
Gold:   119        SH:  0    Dex: 10    Spells: 9/9 levels left

rFire   . . .      SeeInvis .    a - +1 mace (protect)
rCold   . . .      Faith    .    (no shield)
rNeg    . . .      Spirit   .    b - +0 robe
rPois   +          Reflect  .    (helmet restricted)
rElec   .          Rampage  .    (no cloak)
rCorr   .                        (gloves unavailable)
Will    .....                    (boots unavailable)
Stlth   +                        (no amulet)
HPRegen 0.28/turn                g - ring of poison resistance
MPRegen 0.11/turn                (no ring)

@: no status effects
A: large, unfitting armour, tough skin 1
a: no special abilities


You were on level 2 of the Dungeon.
You visited 1 branch of the dungeon, and saw 3 of its levels.

You collected 119 gold pieces.

Inventory:

Hand Weapons
 a - a +1 mace of protection (weapon)
 i - a +0 mace
 l - a +0 whip
 r - a +0 dagger of draining
 v - a +0 flail
 x - a +4 dagger
Missiles
 d - 7 boomerangs of dispersal
 f - 29 stones (quivered)
 q - 4 boomerangs
 t - 3 large rocks
Armour
 b - a +0 robe (worn)
Jewellery
 g - a ring of poison resistance (left hand)
Scrolls
 c - 2 scrolls of blinking
 e - a scroll of fear {unknown}
 j - a scroll of amnesia {unknown}
 k - a scroll of vulnerability {unknown}
 m - a scroll of magic mapping {unknown}
 o - a scroll of poison {unknown}
 u - a scroll of teleportation {unknown}
Potions
 h - 4 potions of heal wounds
 n - a potion of attraction
 p - a potion of ambrosia
 s - a potion of resistance {unknown}
 w - a potion of curing {unknown}


   Skills:
 + Level 3.3 Fighting
 + Level 0.1 Short Blades
 + Level 3.0 Maces & Flails
 + Level 1.1 Throwing
 + Level 2.6 Dodging
 + Level 0.2 Stealth
 + Level 2.5 Spellcasting
 * Level 3.5 Translocations


You had 9 spell levels left.
You didn't know any spells.
Your spell library contained the following spells:

 Spells                   Type           Power      Damage    Failure   Level
 Blink                    Tloc           22%        N/A       9%          2
 Lesser Beckoning         Tloc           22%        N/A       9%          2
 Teleport Other           Tloc           11%        N/A       16%         3
 Vhi's Electric Charge    Tloc/Air       12%        N/A       32%         3
 Manifold Assault         Tloc           11%        N/A       47%         4
 Freezing Cloud           Conj/Ice/Air   0%         6-21      99%         5
 Simulacrum               Ice/Necr       0%         N/A       100%        6
 Polar Vortex             Ice            0%         N/A       100%        9


Dungeon Overview and Level Annotations

Branches:
Dungeon (3/15)

Altars:
The Shining One

Shops:
D:3 ?


Innate Abilities, Weirdness & Mutations

You are too large for most types of armour.
You have tough skin. (AC +1)


Message History

You hear some strange, mumbled words.
A puff of flame appears from out of thin air!
The puff of flame hits you!
* * * LOW HITPOINT WARNING * * *
You feel less confused.
You barely miss something. Something hits you but does no damage.
Something hits you.
* * * LOW HITPOINT WARNING * * *
You miss something. Something hits you.
* * * LOW HITPOINT WARNING * * *
You closely miss something.
You hear some strange, mumbled words.
You are confused.
You closely miss something. Something hits you but does no damage.
You bump into the rock wall.
Something hits you.
* * * LOW HITPOINT WARNING * * *
You bump into the rock wall.
Something hits you but does no damage.
You bump into the rock wall.
Something hits you.
* * * LOW HITPOINT WARNING * * *
You hear some strange, mumbled words.
A magic dart appears from out of thin air!
The magic dart hits you.
* * * LOW HITPOINT WARNING * * *
You feel less confused. Something hits you but does no damage.
You hit something.
Your weapon exudes an aura of protection.
Something hits you but does no damage. x2
You barely miss something. Something hits you but does no damage.
You barely miss something. Something hits you.
* * * LOW HITPOINT WARNING * * *
You miss something. Something hits you but does no damage.
You hear some strange, mumbled words.
Something tries to affect you, but you resist.
You closely miss something. Something hits you.
* * * LOW HITPOINT WARNING * * *
You barely miss something. Something hits you.
* * * LOW HITPOINT WARNING * * *
You miss something. Something hits you.
You die...

.........#.# #.#
##.#####...####.#
#.# ##.......# #.#
######### #.# #.#
#.# ##.######
####### ........#
#..){@# ##.####.#
#†###.#
##.####.####.###.#
##............##.#
....###.####>.##.#
........# #..##.#
#...##### #..##.#
##.## #.....# #.#
##.####


There were no monsters in sight!

Vanquished Creatures
  5 adders (D:2)
  2 worms (D:2)
  3 dart slugs
  2 orcs (D:2)
  5 ball pythons
  5 endoplasms
  2 giant cockroaches (D:3)
  7 goblins
  4 hobgoblins
  3 quokkas (D:1)
  4 bats
  6 frilled lizards
  7 kobolds
  9 rats
64 creatures vanquished.

Notes
Turn   | Place    | Note
-------+----------+-------------------------------------------
     0 | D:1      | jimonade the Ogre Warper began the quest for the Orb.
     0 | D:1      | Reached XP level 1. HP: 22/22 MP: 3/3
   214 | D:1      | Reached XP level 2. HP: 19/29 MP: 5/5
   687 | D:1      | Reached XP level 3. HP: 32/36 MP: 6/6
  1521 | D:2      | Reached XP level 4. HP: 36/45 MP: 7/7
  1710 | D:2      | Found a glowing golden altar of the Shining One.
  1975 | D:2      | Found a faded altar of an unknown god.
  2543 | D:3      | Found Baveboa's Magic Scroll Shop.
  2583 | D:2      | Reached XP level 5. HP: 24/53 MP: 8/8
  2725 | D:2      | HP: 2/53 [something (2)]
  2727 | D:2      | Slain by an orc wizard

Illustrated notes

Levels and vault maps discovered:
D:1:      elethiomel_arrival_shortcut, layout_basic, minmay_heptomino_l4
D:2:      layout_loops_corners, chequers_ecumenical_altar_twisty, basic_altar
D:3:      layout_rooms, zin_purify, serial_shops, shop_statue,
          minmay_ogre_servants

Skill      XL: |  1  2  3  4 |
---------------+-------------+-----
Translocations | 3 |  3.5
Maces & Flails | 2 3 |  3.0
Fighting       | 3 |  3.3
Short Blades   | |  0.1
Throwing       | |  1.1
Dodging        | |  2.6
Stealth        | |  0.2
Spellcasting   | |  2.5

Action                     |  1- 3 |  4- 6 || total
---------------------------+-------+-------++-------
  Melee: Mace              |   123 |    18 ||   141
         Whip              |    33 |   100 ||   133
         Dagger            |       |    13 ||    13
    Use: Scroll            |       |     3 ||     3
   Stab: Sleeping          |     1 |     1 ||     2
 Armour: Robe              |    50 |    51 ||   101
  Dodge: Dodged            |    75 |    49 ||   124

Table legend: (Time is in decaauts)
 A = Elapsed time spent in this place.
 B = Non-inter-level travel time spent in this place.
 C = Inter-level travel time spent in this place.
 D = Time resting spent in this place.
 E = Time spent auto-exploring this place.
 F = Levels seen in this place.
 G = Mean time per level.
                   A        B        C        D        E       F      G
               +--------+--------+--------+--------+--------+-----+--------+
         Total |   2764 |   2674 |     90 |    165 |   1794 |   3 |  921.3 |
       Dungeon |   2764 |   2674 |     90 |    165 |   1794 |   3 |  921.3 |
               +--------+--------+--------+--------+--------+-----+--------+

Top non-repeatable levels by time:
     D:2: 1362 daAuts
     D:1: 1308 daAuts
     D:3: 92 daAuts
